 Dungeon Crawl Stone Soup version 0.28.0-49-g6dfe1f597d (webtiles) character file.

Game seed: 12303682070543547570

42 Zeld the Gusty (level 3, -1/20 HPs)
             Began as a Tengu Air Elementalist on May 18, 2022.
             Slain by a black bear (6 damage)
             ... on level 2 of the Dungeon.
             The game lasted 00:03:33 (2363 turns).

Zeld the Gusty (Tengu Air Elementalist)             Turns: 2363, Time: 00:03:34

Health: -1/20      AC:  2    Str:  8    XL:     3   Next: 54%
Magic:  4/7        EV: 12    Int: 17    God:
Gold:   39         SH:  0    Dex: 14    Spells: 0/6 levels left

rFire   . . .      SeeInvis .   (no weapon)
rCold   . . .      Faith    .   (no shield)
rNeg    . . .      Spirit   .   a - +0 robe
rPois   .          Reflect  .   (helmet restricted)
rElec   .          Harm     .   (no cloak)
rCorr   .          Rampage  .   (no gloves)
Will    .....                   (boots unavailable)
Stlth   ++........              (no amulet)
HPRegen 0.06/turn               (no ring)
MPRegen 0.10/turn               (no ring)

@: no status effects
A: beak, talons 3
a: no special abilities


You were on level 2 of the Dungeon.
You visited 1 branch of the dungeon, and saw 3 of its levels.

You collected 39 gold pieces.

Inventory:

Armour
 a - a +0 robe (worn)
Scrolls
 c - a scroll of teleportation {unknown}
 f - a scroll of summoning {unknown}
 i - 2 scrolls of identify {unknown}
Potions
 b - a potion of degeneration {unknown}
 d - a potion of ambrosia {unknown}
 e - a potion of berserk rage {unknown}
 g - 2 potions of lignification {unknown}
 h - a potion of flight {unknown}


   Skills:
 * Level 1.4 Fighting
 - Level 2.1 Dodging
 + Level 2.3 Stealth
 * Level 2.3 Spellcasting
 - Level 2.0 Conjurations
 * Level 4.6 Air Magic


You couldn't memorise any spells.
You knew the following spells:

 Your Spells              Type           Power      Damage    Failure   Level
a - Shock                 Conj/Air       52%        1d6       4%          1
b - Static Discharge      Conj/Air       13%        N/A       8%          2
c - Swiftness             Air            17%        N/A       9%          3

Your spell library contained the following spells:

 Spells                   Type           Power      Damage    Failure   Level
 Corpse Rot               Necr/Air       18%        N/A       11%         2
 Airstrike                Air            8%         N/A       28%         4
 Dispel Undead            Necr           1%         3d6       88%         4
 Death Channel            Necr           0%         N/A       100%        6


Dungeon Overview and Level Annotations

Branches:
Dungeon (3/15)

Altars:

Shops:
D:2 (

Annotations:
D:3 Sigmund


Innate Abilities, Weirdness & Mutations

You have a beak for a mouth.
You have claws for feet.


Message History

No target in view!
Casting: Shock (safe; 4% risk of failure)
Confirm with . or Enter, or press ? or * to list all spells.
You can't see any susceptible monsters within range! (Use Z to cast anyway.) Unknown command.
Unknown command.
Unknown command.
HP restored.
Magic restored.
The black bear growls angrily.
Casting: Shock (safe; 4% risk of failure)
Confirm with . or Enter, or press ? or * to list all spells.
Aiming: Shock (safe; 4% risk of failure)
Press: ? - help, Shift-Dir - straight line, f - black bear
Aim: a black bear (77% to hit)
The zap hits the black bear.
The black bear is lightly wounded.
Casting: Shock (safe; 4% risk of failure)
Confirm with . or Enter, or press ? or * to list all spells.
The black bear is struck by an arc of lightning!
The black bear is moderately wounded.
You are struck by an arc of lightning.
The lightning grounds out.
The black bear bites you. The black bear closely misses you.
The black bear claws you.
Casting: Static Discharge (safe; 8% risk of failure)
Confirm with . or Enter, or press ? or * to list all spells.
The black bear is struck by an arc of lightning!
The black bear is heavily wounded.
You are struck by an arc of lightning.
The lightning grounds out.
The black bear bites you.
* * * LOW HITPOINT WARNING * * *
The black bear closely misses you. The black bear barely misses you.
Casting: Static Discharge (safe; 8% risk of failure)
Confirm with . or Enter, or press ? or * to list all spells.
The black bear is struck by an arc of lightning.
The black bear is heavily wounded.
You are struck by an arc of lightning.
* * * LOW HITPOINT WARNING * * *
The lightning grounds out.
The black bear bites you.
You die...

###...........#..........####....
..............#..................
.................................
........#######.......###........
............###.................#
............#...................#
........................../.....#
................................#
................@...............#
###............h######..........#
#..........<..................#
#...(.........................#
##########......................#
......# #......................#
......# #.......................
......####...................###.
......##......#..................


You could see a black bear.

Vanquished Creatures
  An orc (D:3)
  5 endoplasms (D:1)
  7 goblins
  4 hobgoblins
  3 jackals (D:1)
  7 ball pythons
  3 bats
  2 frilled lizards
  2 kobolds (D:1)
  2 rats
36 creatures vanquished.

Notes
Turn   | Place    | Note
-------+----------+-------------------------------------------
     0 | D:1      | Zeld the Tengu Air Elementalist began the quest for the
                  | Orb.
     0 | D:1      | Reached XP level 1. HP: 10/10 MP: 4/4
   220 | D:1      | Reached XP level 2. HP: 16/16 MP: 3/6
   378 | D:1      | Found a faded altar of an unknown god.
   401 | D:1      | Learned a level 2 spell: Static Discharge
   672 | D:1      | Reached skill level 1 in Fighting
   885 | D:1      | Reached XP level 3. HP: 20/20 MP: 4/7
   889 | D:1      | Learned a level 3 spell: Swiftness
  1538 | D:2      | Noticed a black bear
  1861 | D:2      | Found Louser's Weapon Shoppe.
  2228 | D:3      | Noticed Sigmund
  2363 | D:2      | Slain by a black bear

Illustrated notes

Levels and vault maps discovered:
D:1:      shiori_arrival_elements, layout_loops_corners,
          dreamdust_ecumenical_altar_statues
D:2:      minmay_alternating_diamond, layout_basic, serial_shops,
          nicolae_shop_behind_doors
D:3:      layout_basic, serial_glass, glass_columns_c, glass_columns_c,
          glass_columns_a, glass_columns_b, serial_shops, shop_fountains,
          nicolae_shop_window_shopping, uniq_sigmund

Skill      XL: |  1  2  3 |
---------------+----------+-----
Fighting       | 1 |  1.4
Conjurations   | 2 |  2.0
Dodging        | |  2.1
Stealth        | |  2.3
Spellcasting   | |  2.3
Air Magic      | |  4.6

Action                   || total
-------------------------++-------
Melee: Unarmed           ||     6
       Kick              ||     2
 Cast: Shock             ||    67
       Static Discharge  ||     3
Armor: Robe              ||     7
Dodge: Dodged            ||    16
